 Dungeon Crawl Stone Soup version 0.24-a0-516-g9de272bb65 (webtiles) character file.

Game seed: 10515991869254144451

233 Peloso the Covered (level 5, -5/47 HPs)
             Began as a Minotaur Fighter on July 22, 2019.
             Slain by Grinder (6 damage)
             ... on level 3 of the Dungeon.
             The game lasted 00:03:15 (2021 turns).

Peloso the Covered (Minotaur Fighter)               Turns: 2021, Time: 00:03:16

Health: -5/47      AC:  9    Str: 20    XL:     5   Next: 75%
Magic:  4/4        EV:  5    Int:  5    God:
Gold:   123        SH: 10    Dex: 11    Spells: 4/4 levels left

rFire    . . .     SeeInvis .   a - +0 long sword
rCold    . . .     Gourm    .   c - +0 shield
rNeg     . . .     Faith    .   b - +0 chain mail (curse)
rPois    .         Spirit   .   (helmet restricted)
rElec    .         Reflect  .   (no cloak)
rCorr    .         Harm     .   (no gloves)
MR       .....                  (no boots)
Stlth    ..........             (no amulet)
HPRegen  0.15/turn              (no ring)
MPRegen  0.09/turn              (no ring)

@: no status effects
A: retaliatory headbutt, horns 2
a: no special abilities


You were on level 3 of the Dungeon.
You were not hungry.

You visited 1 branch of the dungeon, and saw 3 of its levels.

You collected 123 gold pieces.

Inventory:

Hand Weapons
 a - a +0 long sword (weapon)
Armour
 b - a cursed +0 chain mail (worn)
 c - a +0 shield (worn)
Scrolls
 d - a scroll of fog {unknown}
 e - a scroll of amnesia {unknown}
 g - 4 scrolls of teleportation {unknown}
 h - a scroll of noise {unknown}
 i - 3 scrolls of identify {unknown}
Potions
 j - a potion of curing
Comestibles
 f - 6 rations


   Skills:
 + Level 4.7 Fighting
 + Level 4.0 Long Blades
 + Level 5.4 Armour
 + Level 0.2 Dodging
 + Level 5.0 Shields


You had 4 spell levels left.
You didn't know any spells.
Your spell library was empty.

Dungeon Overview and Level Annotations

Branches:
Dungeon (3/15)

Altars:

Annotations:
D:3 Grinder


Innate Abilities, Weirdness & Mutations

You reflexively headbutt those who attack you in melee.
You have a pair of horns on your head.


Message History

You hit Grinder but do no damage. You headbutt Grinder.
Grinder is heavily wounded.
Grinder hits you.
You writhe in agony.
* * * LOW HITPOINT WARNING * * *
The hobgoblin barely misses you. You block the hobgoblin's attack.
Grinder hits you.
* * * LOW HITPOINT WARNING * * *
You slash Grinder!
Grinder is severely wounded.
Grinder gestures at you. Pain shoots through your body!
* * * LOW HITPOINT WARNING * * *
You block the hobgoblin's attack.
Unknown command.
You slash Grinder! Your headbutt misses Grinder.
Grinder is almost dead.
Grinder hits you.
* * * LOW HITPOINT WARNING * * *
You writhe in agony.
You die...

#.# ..# #..
#####.####
........#
#...##.#
###?(.##.# #
#....@g..###..#
#...5...>$....#
#........###.#
###...##.#
##...##.#
....<##.###.#
##......<....#
.........#####
##..######


You could see Grinder and a hobgoblin.

Vanquished Creatures
  Sigmund (D:2)
  Robin (D:2)
  3 adders (D:2)
  2 leopard geckos
  3 giant cockroaches (D:2)
  8 hobgoblins
  2 kobolds
  2 frilled lizards
  10 goblins
  7 rats
39 creatures vanquished.

Notes
Turn   | Place    | Note
-------+----------+-------------------------------------------
     0 | D:1      | Peloso the Minotaur Fighter began the quest for the Orb.
     0 | D:1      | Reached XP level 1. HP: 19/19 MP: 0/0
   490 | D:1      | Reached XP level 2. HP: 27/27 MP: 1/1
   622 | D:2      | Noticed Robin
   625 | D:2      | Noticed Sigmund
   909 | D:2      | Killed Sigmund
   909 | D:2      | Reached skill level 5 in Armour
   909 | D:2      | Reached skill level 5 in Shields
   909 | D:2      | Reached XP level 3. HP: 3/34 MP: 2/2
   909 | D:2      | Reached XP level 4. HP: 4/41 MP: 3/3
   909 | D:2      | Reached XP level 5. HP: 5/47 MP: 4/4
  1212 | D:2      | Killed Robin
  2005 | D:3      | Noticed Grinder
  2009 | D:3      | Paralysed by Grinder for 5 turns
  2020 | D:3      | HP: 2/47 [Grinder/nerve-wracking pain (8)]
  2021 | D:3      | Slain by Grinder

Levels and vault maps discovered:
D:1:      minmay_arrival_glassed_features, layout_loops_ring
D:2:      layout_loops_corners, first_ration, uniq_robin, uniq_sigmund
D:3:      layout_loops_ring, uniq_grinder, uniq_crazy_yiuf_cottage, uniq_terence

Skill      XL: |  1  2  3  4  5 |
---------------+----------------+-----
Shields        | 5 |  5.0
Armour         | 5 |  5.4
Fighting       | 4 |  4.7
Long Blades    | 3 4 |  4.0
Dodging        | |  0.2

Action                   |  1- 3 |  4- 6 || total
-------------------------+-------+-------++-------
Melee: Long sword        |    51 |    51 ||   102
       Headbutt          |    10 |    14 ||    24
  Use: Potion            |     1 |       ||     1
  Eat: Chunk             |       |     4 ||     4
Armor: Chain mail        |    28 |    23 ||    51
       Scale mail        |     2 |       ||     2
Dodge: Dodged            |     9 |     8 ||    17
Block: Shield            |    33 |    27 ||    60
       Rpst.: Long sword |     4 |     3 ||     7

Table legend:
 A = Non-vault XP
 B = Vault XP
 C = Vault XP percentage of total XP
 D = Non-vault monster count
 E = Vault monster count
 F = Vault count percentage of total count
                 A         B        C        D         E       F
            +---------+---------+-------+---------+---------+-------
      Total |      79 |     255 |  76.3 |      27 |      12 |  30.8
            +---------+---------+-------+---------+---------+-------
        D:1 |      12 |       2 |  14.3 |       8 |       1 |  11.1
        D:2 |      67 |     253 |  79.1 |      19 |      11 |  36.7
            +---------+---------+-------+---------+---------+-------
